 Dungeon Crawl Stone Soup version 0.30-a0-169-g06f667207d (webtiles) character file.

Game seed: 14253436938751807138

3081 qw the Cleaver (level 9, -13/57 HPs)
             Began as a Gargoyle Fighter on Sept 29, 2022.
             Was a Believer of Okawaru.
             Mangled by Joseph
             ... wielding a +0 quarterstaff
              (19 damage)
             ... on level 7 of the Dungeon.
             The game lasted 00:02:05 (6367 turns).

qw the Cleaver (Gargoyle Fighter)                   Turns: 6367, Time: 00:02:05

Health: -13/57     AC: 18    Str: 25    XL:     9   Next: 89%
Magic:  10/12      EV: 11    Int:  8    God:    Okawaru [**....]
Gold:   265        SH:  5    Dex:  9    Spells: 8/8 levels left

rFire   + . .      SeeInvis .    Y - +1 war axe (spect)
rCold   . . .      Faith    .    c - +0 buckler
rNeg    + . .      Spirit   .    b - +0 scale mail
rPois   inf        Reflect  .    e - +2 helmet
rElec   +          Harm     .    (no cloak)
rCorr   +          Rampage  .    (no gloves)
Will    .....                    (no boots)
Stlth   +.........               (no amulet)
HPRegen 0.19/turn                k - ring of protection from fire
MPRegen 0.13/turn                q - ring of resist corrosion

@: heroic
A: sickness immunity, AC +6, negative energy resistance 1, electricity
resistance, torment resistance 1, petrification resistance
a: Renounce Religion, Heroism


You were on level 7 of the Dungeon.
You worshipped Okawaru.
Okawaru was pleased with you.
You visited 2 branches of the dungeon, and saw 8 of its levels.
You also visited: Sewer.

You collected 265 gold pieces.


Innate Abilities, Weirdness & Mutations

You are immune to sickness and miasma.
Your stone body is resilient. (AC +6)
You are immune to poison.
You resist negative energy. (rN+)
You are resistant to electric shocks. (rElec)
You are resistant to unholy torment.
You are immune to petrification.


   Skills:
 - Level 7.0(12.0) Fighting
 + Level 9.8(14.8) Axes
 - Level 2.1(7.1) Throwing
 - Level 3.2(8.2) Armour
 - Level 1.0(6.0) Dodging
 - Level 4.1(9.1) Shields
 - Level 5.2 Invocations


You had 8 spell levels left.
You didn't know any spells.
Your spell library was empty.

Inventory:

Hand Weapons
 h - a +0 flail
 Y - a +1 spectral war axe (weapon)
Missiles
 j - 4 boomerangs
 s - 2 javelins (quivered)
Armour
 b - a +0 scale mail (worn)
 c - a +0 buckler (worn)
 e - a +2 helmet (worn)
 m - the +4 robe of Divine Compulsion {-Tele rF+ rN++ SInv}
   (You found it on level 3 of the Dungeon)

   rF:        It protects you from fire.
   rN:        It greatly protects you from negative energy.
   SInv:      It lets you see invisible.
   -Tele:     It prevents most forms of teleportation.
Jewellery
 f - a ring of fire
 k - a ring of protection from fire (left hand)
 q - a ring of resist corrosion (right hand)
Scrolls
 i - a scroll of identify
 l - a scroll of enchant armour
 r - a scroll of torment {unknown}
Potions
 a - 4 potions of curing
 d - 4 potions of might
 g - a potion of attraction
 n - 2 potions of haste
 o - a potion of magic {unknown}
 p - 2 potions of lignification {unknown}

Dungeon Overview and Level Annotations

Branches:
Dungeon (7/15)             Temple (1/1) D:5           Sewer (visited)

Altars:
Ashenzari
Cheibriados
Elyvilon
Fedhas
Gozag
Kikubaaqudgha
Makhleb
Nemelex Xobeh
Okawaru
Qazlal
Ru
Sif Muna
Trog
Uskayaw
Wu Jian
Xom
Yredelemnul
Zin
The Shining One

Annotations:
D:7 Joseph


Message History

There is an open door here.
r - a scroll of brand weapon
Enter note:
6343 ||| READING scroll of brand weapon.
As you read the scroll of brand weapon, it crumbles to dust.
Your +1 war axe of electrocution acquires a faint afterimage.
Y - a +1 spectral war axe (weapon)
6343 ||| BRANDING +1 war axe of electrocution.
r - a scroll labelled VIYXTA NEKH Joseph, a Mercenary comes into view.
He is wielding a +0 quarterstaff.
Found a glowing shortbow.
Joseph shouts!
Joseph unwields a +0 quarterstaff.
Joseph wields a +0 sling.
Joseph shoots a sling bullet.
The sling bullet barely misses you.
Joseph shoots a sling bullet.
You block the sling bullet.
Joseph shoots a sling bullet.
The sling bullet hits you.
6354 ||| FLEEEEING.
Joseph shoots a sling bullet.
The sling bullet barely misses you.
6355 ||| FLEEEEING.
Joseph shoots a sling bullet.
The sling bullet hits you but does no damage.
6356 ||| FLEEEEING.
6357 ||| FLEEEEING.
You start resting.
Joseph is nearby!
Joseph unwields a +0 sling.
Joseph wields a +0 quarterstaff.
Joseph drinks a potion.
Joseph goes berserk!
6364 ||| INVOKING Heroism.
You gain the combat prowess of a mighty hero.
Joseph hits you with a +0 quarterstaff!
You barely miss Joseph.
Your +1 spectral war axe barely misses Joseph.
Joseph hits you with a +0 quarterstaff!
You hit Joseph but do no damage.
Your +1 spectral war axe hits Joseph!!
Joseph hits you with a +0 quarterstaff! x2
You hit Joseph.
Joseph is moderately wounded.
Your +1 spectral war axe hits Joseph.
Joseph hits you with a +0 quarterstaff!!
You die...

#.# ....# #.######..#.#
###...........#.
#...............
#...............
#.............#
#.............#
#######.........###.#
........(@..........#
........@#####.######
.........# ###......#####[
.....[...+...............>
...(....?##########'#####.
.........##...............
......?..##......./.......
.........##...............
........)#########........


You could see Joseph (berserk) and a friendly +1 spectral war axe (summoned).

Vanquished Creatures
  A two-headed ogre (D:5)
  Pikel (D:7)
  Sigmund (D:3)
  A steam dragon (D:5)
  2 water moccasins
  A black bear (D:5)
  4 ogres
  A kobold brigand (D:6)
  Blork the orc (D:6)
  4 scorpions
  8 wights
  2 jellies
  3 iguanas
  Robin (D:2)
  4 gnolls (D:4)
  9 adders
  A white imp (D:7)
  A dart slug (D:3)
  4 orcs
  14 ball pythons
  A bat (D:3)
  6 endoplasms
  A giant cockroach (D:4)
  19 goblins
  16 hobgoblins
  10 kobolds
  4 quokkas
  6 frilled lizards
  4 rats
131 creatures vanquished.

Notes
Turn   | Place    | Note
-------+----------+-------------------------------------------
     0 | D:1      | qw the Gargoyle Fighter began the quest for the Orb.
     0 | D:1      | Reached XP level 1. HP: 14/14 MP: 1/1
     0 | D:1      | 0 ||| qw: Version: 0.2-a-12-gaebbb33
     0 | D:1      | 0 ||| qw: Game counter: 1343
     0 | D:1      | 0 ||| qw: Always use a shield: true
     0 | D:1      | 0 ||| qw: God list: Okawaru
     0 | D:1      | 0 ||| qw: Allow faded altars: false
     0 | D:1      | 0 ||| qw: Do Orc after D:15 true
     0 | D:1      | 0 ||| qw: Do second Lair branch before Depths: true
     0 | D:1      | 0 ||| qw: Lair rune preference: random
     0 | D:1      | 0 ||| qw: Plans: Normal, Zot:1-4, God:TSO, Crypt, Tomb,
                  | Pan, Slime:5, Hells, Abyss, Orb
     0 | D:1      | 0 ||| PLANNING D:1-11
   106 | D:1      | Reached skill level 2 in Axes
   294 | D:1      | You fall into a shaft and drop 1 floor!
   327 | D:2      | Noticed Robin
   332 | D:2      | Reached XP level 2. HP: 11/19 MP: 2/2
   337 | D:2      | HP: 4/19 [hobgoblin[Robin] (3)]
   344 | D:2      | Killed Robin
   345 | D:2      | Reached skill level 3 in Axes
   345 | D:2      | Reached XP level 3. HP: 5/23 MP: 3/3
   667 | D:2      | 667 ||| Stepping ~*~*~tactically~*~*~ (stealth).
   905 | D:2      | Found a faded altar of an unknown god.
   958 | D:2      | 958 ||| UPGRADING to +0 helmet.
   963 | D:2      | 963 ||| READING scroll labelled SEFUETHAU ANNY.
   964 | D:2      | 964 ||| READING 2 scrolls labelled KOKKUOT FENLO.
   965 | D:2      | 965 ||| READING scroll labelled XETHAK KASEAS.
   966 | D:2      | 966 ||| DROPPING scroll of summoning.
  1104 | D:1      | Reached XP level 4. HP: 28/28 MP: 4/4
  1463 | D:1      | 1463 ||| DRINKING 2 glowing green potions.
  1713 | D:2      | Reached skill level 4 in Axes
  2006 | D:2      | 2006 ||| READING 3 scrolls labelled HOLEIPN WELA.
  2007 | D:2      | 2007 ||| READING 2 scrolls of enchant armour.
  2007 | D:2      | 2007 ||| ENCHANTING +0 helmet.
  2008 | D:2      | 2008 ||| READING scroll of enchant armour.
  2008 | D:2      | 2008 ||| ENCHANTING +1 helmet.
  2009 | D:2      | 2009 ||| READING scroll labelled POFIS NY VEOPLUJO.
  2051 | D:3      | Noticed an ogre
  2057 | D:3      | Killed an ogre
  2058 | D:3      | Reached skill level 5 in Axes
  2058 | D:3      | Reached XP level 5. HP: 16/32 MP: 5/5
  2113 | D:3      | 2113 ||| FLEEEEING.
  2114 | D:3      | 2114 ||| FLEEEEING.
  2115 | D:3      | 2115 ||| FLEEEEING.
  2116 | D:3      | 2116 ||| FLEEEEING.
  2117 | D:3      | 2117 ||| FLEEEEING.
  2121 | D:3      | 2121 ||| STAIRDANCE
  2292 | D:3      | Found a snail-covered altar of Cheibriados.
  2292 | D:3      | Found an ornate altar of the Wu Jian Council.
  2297 | D:3      | Found a blossoming altar of Fedhas.
  2297 | D:3      | Found a broken altar of Ashenzari.
  2371 | D:3      | Identified the +4 robe of Divine Compulsion {-Tele rF+ rN++
                  | SInv}
  2382 | D:3      | Noticed Sigmund
  2384 | D:3      | 2384 ||| Stepping ~*~*~tactically~*~*~ (hiding).
  2386 | D:3      | 2386 ||| Stepping ~*~*~tactically~*~*~ (hiding).
  2392 | D:3      | Killed Sigmund
  2393 | D:3      | Reached XP level 6. HP: 39/40 MP: 6/6
  2406 | D:3      | 2406 ||| Stepping ~*~*~tactically~*~*~ (stealth).
  2443 | D:3      | 2443 ||| Stepping ~*~*~tactically~*~*~ (hiding).
  2445 | D:3      | 2445 ||| Stepping ~*~*~tactically~*~*~ (hiding).
  2461 | D:3      | 2461 ||| Stepping ~*~*~tactically~*~*~ (stealth).
  2525 | D:3      | Found a glowing silver altar of Zin.
  2604 | D:3      | 2604 ||| UPGRADING to ring of protection from fire.
  2605 | D:3      | 2605 ||| READING scroll labelled ZEGOGH FEITO.
  2609 | D:3      | 2609 ||| READING scroll labelled QERIPLEIRI.
  2610 | D:3      | 2610 ||| READING scroll labelled BUGEROIFOQ.
  2619 | D:4      | 2619 ||| PLANNING SEWER
  3000 | D:4      | Found a glowing drain.
  3001 | D:4      | 3001 ||| UPGRADING to ring of resist corrosion.
  3002 | D:4      | 3002 ||| READING scroll labelled BISUNTOUCW.
  3003 | D:4      | 3003 ||| READING scroll labelled KUGUAD KEGH.
  3004 | D:4      | 3004 ||| READING scroll labelled DUEPOIPN FUMO.
  3005 | D:4      | 3005 ||| DRINKING 2 coppery potions.
  3006 | D:4      | 3006 ||| DROPPING potion of brilliance.
  3016 | Sewer    | Entered a sewer
  3158 | Sewer    | Reached skill level 1 in Throwing
  3185 | Sewer    | Reached skill level 1 in Dodging
  3341 | Sewer    | 3341 ||| READING scroll labelled NOMMICVYUWY.
  3342 | Sewer    | 3342 ||| DRINKING 2 fuming dark potions.
  3343 | Sewer    | 3343 ||| DRINKING 2 bubbling amethyst potions.
  3344 | Sewer    | 3344 ||| DRINKING 2 grey potions.
  3345 | Sewer    | 3345 ||| READING 3 scrolls of identify.
  3345 | Sewer    | 3345 ||| IDENTIFYING purple potion
  3346 | Sewer    | 3346 ||| READING 2 scrolls of identify.
  3346 | Sewer    | 3346 ||| IDENTIFYING smoky white potion
  3347 | Sewer    | 3347 ||| DROPPING potion of flight.
  3348 | Sewer    | 3348 ||| DROPPING potion of ambrosia.
  3349 | Sewer    | 3349 ||| DROPPING potion of degeneration.
  3350 | Sewer    | 3350 ||| DROPPING potion of invisibility.
  3396 | D:4      | 3396 ||| PLANNING D:1-11
  3422 | D:4      | 3422 ||| Stepping ~*~*~tactically~*~*~ (hiding).
  3423 | D:4      | 3423 ||| Stepping ~*~*~tactically~*~*~ (hiding).
  3424 | D:4      | 3424 ||| Stepping ~*~*~tactically~*~*~ (hiding).
  3436 | D:4      | Reached XP level 7. HP: 25/44 MP: 7/7
  3441 | D:4      | HP: 7/44 [gnoll/+0 spear of venom (6)]
  3716 | D:4      | 3716 ||| DROPPING +0 mace.
  3836 | D:4      | Found an opulent altar of Gozag.
  3916 | D:4      | 3916 ||| Stepping ~*~*~tactically~*~*~ (stealth).
  4090 | D:4      | 4090 ||| DROPPING orb of guile.
  4143 | D:5      | Entered Level 5 of the Dungeon
  4150 | D:5      | Found a staircase to the Ecumenical Temple.
  4151 | D:5      | 4151 ||| PLANNING TEMPLE
  4157 | Temple   | Entered the Ecumenical Temple
  4238 | Temple   | 4238 ||| PLANNING OKAWARU WORSHIP
  4248 | Temple   | Became a worshipper of Warmaster Okawaru
  4249 | Temple   | 4249 ||| PLANNING D:1-11
  4345 | D:5      | Noticed a steam dragon
  4352 | D:5      | Reached skill level 6 in Axes
  4356 | D:5      | HP: 9/44 [steam dragon (8)]
  4358 | D:5      | Killed a steam dragon
  4358 | D:5      | Reached * piety under Okawaru
  4386 | D:5      | 4386 ||| Stepping ~*~*~tactically~*~*~ (stealth).
  4387 | D:5      | 4387 ||| Stepping ~*~*~tactically~*~*~ (stealth).
  4388 | D:5      | 4388 ||| Stepping ~*~*~tactically~*~*~ (stealth).
  4389 | D:5      | 4389 ||| INVOKING Heroism.
  4765 | D:5      | 4765 ||| INVOKING Heroism.
  4770 | D:5      | Reached skill level 7 in Axes
  4770 | D:5      | Reached XP level 8. HP: 43/50 MP: 5/8
  4841 | D:5      | 4841 ||| INVOKING Heroism.
  4847 | D:5      | Reached skill level 1 in Invocations
  4910 | D:5      | Found a white marble altar of Elyvilon.
  4911 | D:5      | 4911 ||| INVOKING Heroism.
  4912 | D:5      | 4912 ||| Stepping ~*~*~tactically~*~*~ (stealth).
  4913 | D:5      | 4913 ||| Stepping ~*~*~tactically~*~*~ (stealth).
  4923 | D:5      | 4923 ||| Stepping ~*~*~tactically~*~*~ (stealth).
  5166 | D:5      | Noticed a two-headed ogre
  5167 | D:5      | 5167 ||| INVOKING Heroism.
  5173 | D:5      | Killed a two-headed ogre
  5173 | D:5      | Reached ** piety under Okawaru
  5174 | D:5      | Reached skill level 8 in Axes
  5174 | D:5      | Reached XP level 9. HP: 29/54 MP: 8/12
  5315 | D:5      | 5315 ||| READING scroll labelled UZXILA SIXIQEE.
  5316 | D:5      | 5316 ||| READING 2 scrolls of identify.
  5316 | D:5      | 5316 ||| IDENTIFYING cyan potion
  5345 | D:6      | 5345 ||| Stepping ~*~*~tactically~*~*~ (stealth).
  5345 | D:6      | Noticed Blork the orc
  5346 | D:6      | 5346 ||| Stepping ~*~*~tactically~*~*~ (stealth).
  5351 | D:6      | 5351 ||| Stepping ~*~*~tactically~*~*~ (stealth).
  5354 | D:6      | 5354 ||| INVOKING Heroism.
  5365 | D:6      | 5365 ||| Stepping ~*~*~tactically~*~*~ (stealth).
  5389 | D:6      | 5389 ||| Stepping ~*~*~tactically~*~*~ (hiding).
  5397 | D:6      | 5397 ||| INVOKING Heroism.
  5399 | D:6      | Reached skill level 6 in Fighting
  5438 | D:6      | 5438 ||| INVOKING Heroism.
  5444 | D:6      | Killed Blork the orc
  5655 | D:6      | Found a burning altar of Makhleb.
  5665 | D:6      | 5665 ||| INVOKING Heroism.
  5776 | D:6      | Reached skill level 9 in Axes
  5794 | D:6      | Found a hide-covered altar of Uskayaw.
  5994 | D:6      | 5994 ||| READING scroll labelled BARAREU ISTO.
  6010 | D:7      | 6010 ||| INVOKING Heroism.
  6214 | D:7      | Found an ancient bone altar of Kikubaaqudgha.
  6217 | D:7      | 6217 ||| INVOKING Heroism.
  6241 | D:7      | Found a basalt altar of Yredelemnul.
  6242 | D:7      | Noticed Pikel
  6243 | D:7      | 6243 ||| INVOKING Heroism.
  6251 | D:7      | Killed Pikel
  6268 | D:7      | 6268 ||| Stepping ~*~*~tactically~*~*~ (stealth).
  6294 | D:7      | 6294 ||| Stepping ~*~*~tactically~*~*~ (stealth).
  6343 | D:7      | 6343 ||| READING scroll of brand weapon.
  6343 | D:7      | 6343 ||| BRANDING +1 war axe of electrocution.
  6351 | D:7      | Noticed Joseph
  6354 | D:7      | 6354 ||| FLEEEEING.
  6355 | D:7      | 6355 ||| FLEEEEING.
  6356 | D:7      | 6356 ||| FLEEEEING.
  6357 | D:7      | 6357 ||| FLEEEEING.
  6364 | D:7      | 6364 ||| INVOKING Heroism.
  6366 | D:7      | HP: 6/57 [Joseph/+0 quarterstaff (12)]
  6367 | D:7      | Mangled by Joseph

Levels and vault maps discovered:
D:1:      heliophobic_arrival_ceremonial_halls, layout_basic
D:2:      cheibrodos_greedy_goblins, layout_basic,
          ebering_ecumenical_altar_abandoned, uniq_robin
D:3:      layout_rooms, zin_statuary, grunt_temple_overflow_open,
          chequers_hall_statues_wall_a, uniq_sigmund
D:4:      layout_cave_pods, mainiacjoe_overflow_surrounded_room,
          cheibrodos_sewer_entry_sluice
D:5:      layout_basic, elyvilon_altar_5, minmay_temple_entry_hall
D:6:      layout_rooms, nicolae_overflow_crystal_walls,
          nicolae_uskayaw_dance_hall, amethyst_killhole, minmay_misc_feat_iff,
          uniq_blork_the_orc
D:7:      layout_basic, yredelemnul_altar_generic, general_overflow_altar,
          grunt_ministairs_8, uniq_pikel, uniq_prince_ribbit1, uniq_joseph
Temple:   nicolae_temple_superstar

Skill      XL: |  1  2  3  4  5  6  7  8  9 |
---------------+----------------------------+-----
Axes           | 2 3 5 7 8 9 |  9.8
Fighting       | 5 7 |  7.0
Throwing       | 1 2 |  2.1
Dodging        | 1 |  1.0
Invocations    | 5 |  5.2
Shields        | 4 |  4.1
Armour         | |  3.2

Action                   |  1- 3 |  4- 6 |  7- 9 || total
-------------------------+-------+-------+-------++-------
Melee: War axe           |    83 |   118 |   117 ||   318
Throw: Boomerang         |       |     5 |     4 ||     9
       Javelin           |       |     8 |    28 ||    36
Invok: Heroism           |       |       |    13 ||    13
  Use: Scroll            |     3 |    13 |     4 ||    20
       Potion            |       |     5 |       ||     5
Armor: Scale mail        |    46 |    83 |    43 ||   172
Dodge: Dodged            |    52 |    63 |    50 ||   165
Block: Buckler           |    20 |    26 |    27 ||    73

Table legend:
 A = Non-vault XP
 B = Vault XP
 C = Vault XP percentage of total XP
 D = Non-vault monster count
 E = Vault monster count
 F = Vault count percentage of total count
                 A         B        C        D         E       F
            +---------+---------+-------+---------+---------+-------
      Total |    3219 |    1183 |  26.9 |      91 |      40 |  30.5
            +---------+---------+-------+---------+---------+-------
        D:1 |      19 |       0 |   0.0 |      11 |       0 |   0.0
        D:2 |      34 |      59 |  63.4 |      13 |      23 |  63.9
        D:3 |     162 |     226 |  58.2 |      14 |       1 |   6.7
        D:4 |      91 |       3 |   3.2 |      17 |       2 |  10.5
        D:5 |    1822 |       0 |   0.0 |      14 |       0 |   0.0
        D:6 |     666 |      91 |  12.0 |      15 |       1 |   6.2
        D:7 |     425 |     730 |  63.2 |       7 |       2 |  22.2
      Sewer |       0 |      74 | 100.0 |       0 |      11 | 100.0
            +---------+---------+-------+---------+---------+-------
